[Event "23rd OIBM 2019"]
[Site "Gmund am Tegernsee"]
[Date "2019.10.28"]
[Round "3.31"]
[White "Chennaoui, Yasin"]
[Black "Nasshan, Dennis"]
[Result "0-1"]
[ECO "A13"]
[WhiteElo "2162"]
[BlackElo "2306"]
[Annotator "RC"]
[PlyCount "123"]
[EventDate "2019.10.17"]
[EventType "swiss"]
[EventCountry "GER"]
[SourceTitle "playchess.com"]
[Source "ChessBase"]
[SourceQuality "1"]
[TimeControl "40/5400+30:1800+30"]

1. c4 e6 2. Nf3 Nf6 3. b3 d5 4. g3 Be7 5. Bg2 O-O 6. O-O b6 7. Bb2 c5 8. e3 Nc6 9. Qe2 Ba6 10. d3 Qc7 11. Na3 Rac8 12. Rfd1 Rfd8 13. Rac1 Qb8 14. Bc3 dxc4 15. bxc4 Ne8 16. Qb2 Bf6 17. d4 cxd4 18. exd4 Ne7 19. Ne5 Bb7 20. Ng4 Bxg2 21. Kxg2 Qa8+ 22. f3 Bg5 23. Bd2 Bxd2 24. Qxd2 Ng6 25. Qg5 h6 26. Qh5 Qb7 27. Ne5 Nf6 28. Qh3 Nxe5 29. dxe5 Nd7 30. Qh4 Qa8 31. Qf4 Qb8 32. Nb5 Nxe5 33. Nxa7 Rxd1 34. Nxc8 Rxc1 35. Ne7+ Kf8 36. Ng6+ Ke8 37. Nxe5 Rc2+ 38. Kh3 Qc7 39. Qe4 Rxa2 40. f4 Ra5 41. Qh7 Rxe5 42. Qh8+ Ke7 43. fxe5 Qxe5 44. Qa8 Kf6 45. Qd8+ Kg6 46. Qxb6 Qh5+ 47. Kg2 Qe2+ 48. Qf2 Qxf2+ 49. Kxf2 Kf5 50. Ke3 Ke5 51. h4 g5 52. hxg5 hxg5 53. Kf3 f5 54. Ke3 Kd6 55. Kd4 e5+ 56. Kd3 Kc5 57. g4 fxg4 58. Ke4 Kxc4 59. Kxe5 g3 60. Kf5 g2 61. Kxg5 g1=Q+ 62. Kf4 0-1

[Event "23rd OIBM 2019"]
[Site "Gmund am Tegernsee"]
[Date "2019.10.28"]
[Round "3.32"]
[White "Ludvik, Tomas"]
[Black "Bopp, Thomas"]
[Result "1/2-1/2"]
[ECO "A43"]
[WhiteElo "2305"]
[BlackElo "2156"]
[Annotator "RC"]
[PlyCount "101"]
[EventDate "2019.10.17"]
[EventType "swiss"]
[EventCountry "GER"]
[SourceTitle "playchess.com"]
[Source "ChessBase"]
[SourceQuality "1"]
[TimeControl "40/5400+30:1800+30"]

1. d4 c5 2. d5 g6 3. e4 Bg7 4. Nf3 d6 5. Nc3 Nf6 6. Be2 O-O 7. O-O Bg4 8. h3 Bxf3 9. Bxf3 Na6 10. Re1 Nd7 11. Be2 Nc7 12. a4 Rb8 13. Bf1 b6 14. Nb5 Ra8 15. c3 a6 16. Nxc7 Qxc7 17. Bg5 Rfc8 18. f4 c4 19. Bxe7 f6 20. e5 fxe5 21. Qg4 Nc5 22. Bg5 b5 23. fxe5 Bxe5 24. Rad1 Re8 25. axb5 axb5 26. Bf4 Bxf4 27. Qxf4 Rxe1 28. Rxe1 Rf8 29. Qh4 Qf7 30. Be2 Qf4 31. Qxf4 Rxf4 32. Bf3 Kf8 33. Re2 h5 34. Kf2 Rf7 35. Kg3 Re7 36. Rf2 Nd3 37. Rf1 Re3 38. Rb1 Ke7 39. b3 Nc5 40. bxc4 bxc4 41. Rc1 g5 42. Kf2 Re5 43. Be2 Re4 44. Ra1 h4 45. Ra7+ Kf6 46. Rc7 Nd3+ 47. Kf3 Rf4+ 48. Ke3 Ne5 49. Rc8 Kf7 50. Rc7+ Kf6 51. Rc8 1/2-1/2

[Event "23rd OIBM 2019"]
[Site "Gmund am Tegernsee"]
[Date "2019.10.28"]
[Round "3.33"]
[White "Schaefer, Michael"]
[Black "Schuster, Karsten"]
[Result "1-0"]
[ECO "A46"]
[WhiteElo "2160"]
[BlackElo "2304"]
[Annotator "RC"]
[PlyCount "95"]
[EventDate "2019.10.17"]
[EventType "swiss"]
[EventCountry "GER"]
[SourceTitle "playchess.com"]
[Source "ChessBase"]
[SourceQuality "1"]
[TimeControl "40/5400+30:1800+30"]

1. d4 Nf6 2. Nf3 e6 3. e3 b6 4. Bd3 Bb7 5. O-O Be7 6. Nbd2 d5 7. b3 O-O 8. Bb2 c5 9. Ne5 Nc6 10. a3 cxd4 11. exd4 Ne8 12. Qh5 f5 13. Qe2 Rf6 14. Rfe1 Nxe5 15. dxe5 Rh6 16. Nf3 g5 17. Nd4 Ng7 18. b4 g4 19. f4 gxf3 20. Qxf3 a5 21. c3 Qc8 22. Bb5 Rh4 23. g3 Rg4 24. h3 Rg6 25. Kh2 Kh8 26. Rg1 Qc7 27. Rae1 Rg8 28. Bc1 Bc8 29. Bf4 Bd7 30. Be2 Ra8 31. Rc1 Qa7 32. g4 fxg4 33. Rxg4 Rxg4 34. hxg4 Rf8 35. Qe3 Rf7 36. Bd3 Qb8 37. Kg2 Qg8 38. Rh1 Nf5 39. Bxf5 exf5 40. g5 Bxg5 41. Kf2 Bxf4 42. Qxf4 Rg7 43. e6 Bxe6 44. Qe5 Bd7 45. Rh6 Qd8 46. Kf3 Qc8 47. Ne6 Bxe6 48. Rxe6 1-0

[Event "23rd OIBM 2019"]
[Site "Gmund am Tegernsee"]
[Date "2019.10.28"]
[Round "3.37"]
[White "Buchal, Stephan"]
[Black "Seisenberger, Georg"]
[Result "1-0"]
[ECO "A11"]
[WhiteElo "2274"]
[BlackElo "2072"]
[Annotator "NA RC"]
[PlyCount "71"]
[EventDate "2019.10.17"]
[EventType "swiss"]
[EventCountry "GER"]
[SourceTitle "playchess.com"]
[Source "ChessBase"]
[SourceQuality "1"]
[TimeControl "40/5400+30:1800+30"]

1. c4 c6 2. Nf3 d5 3. g3 Bg4 4. Bg2 e6 5. b3 Nf6 6. Bb2 Be7 7. O-O O-O 8. d3 Nbd7 9. Nbd2 a5 10. a3 Rc8 11. Rc1 Qb6 12. Qc2 Rfd8 13. cxd5 exd5 14. e4 Nf8 15. h3 Bh5 16. Nh4 Bg6 17. Kh2 Ne8 18. Nxg6 hxg6 19. f4 Nc7 20. Nf3 Bf6 21. e5 Be7 22. h4 Nb5 23. a4 Nc7 24. Bh3 Nfe6 25. h5 gxh5 26. f5 Ng5 27. f6 Nxf3+ 28. Rxf3 gxf6 29. exf6 Bd6 30. Qd2 Ne6 31. Bxe6 fxe6 32. Qg5+ Kf8 33. Qg7+ Ke8 34. f7+ Kd7 35. f8=Q+ Be7 36. Qfxe7# 1-0

[Event "23rd OIBM 2019"]
[Site "Gmund am Tegernsee"]
[Date "2019.10.28"]
[Round "3.39"]
[White "Lorscheid, Gerhard"]
[Black "Mooser, Nicolas"]
[Result "1/2-1/2"]
[ECO "A13"]
[WhiteElo "2257"]
[BlackElo "1999"]
[Annotator "RC"]
[PlyCount "122"]
[EventDate "2019.10.17"]
[EventType "swiss"]
[EventCountry "GER"]
[SourceTitle "playchess.com"]
[Source "ChessBase"]
[SourceQuality "1"]
[TimeControl "40/5400+30:1800+30"]

1. c4 e6 2. Nf3 d5 3. b3 Nf6 4. Bb2 c6 5. e3 Nbd7 6. Qc2 Bd6 7. d4 O-O 8. Bd3 Qe7 9. Nbd2 e5 10. cxd5 cxd5 11. dxe5 Nxe5 12. Nxe5 Bxe5 13. Bxe5 Qxe5 14. Rc1 Bg4 15. O-O Rac8 16. Qb1 Rcd8 17. Rfe1 Rd7 18. h3 Bh5 19. Bf5 Rdd8 20. g4 Bg6 21. Nf3 Bxf5 22. Qxf5 Qxf5 23. gxf5 Rc8 24. Nd4 Rfe8 25. Nb5 Rcd8 26. Rc7 a6 27. Nd4 Rb8 28. Rec1 Kf8 29. Kf1 Red8 30. Nf3 Ne8 31. R7c5 Rd6 32. Rd1 Rbd8 33. Rd4 Ke7 34. Rb4 b6 35. Rc1 R8d7 36. Ne5 Rc7 37. Rxc7+ Nxc7 38. Rh4 h6 39. Rf4 Nb5 40. a4 Nc3 41. Nf3 Ne4 42. Nd4 Rd7 43. f3 Nf6 44. Ke2 Kd6 45. Kd2 Rc7 46. Nc2 Ke5 47. Nb4 a5 48. Nd3+ Kd6 49. Rd4 Re7 50. b4 axb4 51. Rxb4 Kc6 52. Rb5 Ra7 53. Rb4 Nd7 54. Rg4 f6 55. Rxg7 Rxa4 56. Kc3 Nc5 57. Nxc5 Kxc5 58. Rc7+ Kd6 59. Rb7 Ra3+ 60. Kd4 Ra4+ 61. Kd3 Ra3+ {[%emt 0:00:00] Ke4 Ke5#} 1/2-1/2

[Event "23rd OIBM 2019"]
[Site "Gmund am Tegernsee"]
[Date "2019.10.28"]
[Round "3.41"]
[White "Ries, Berthold"]
[Black "Schoenberger, Peter"]
[Result "0-1"]
[ECO "C88"]
[WhiteElo "1854"]
[BlackElo "2040"]
[Annotator "NA RC"]
[PlyCount "76"]
[EventDate "2019.10.17"]
[EventType "swiss"]
[EventCountry "GER"]
[SourceTitle "playchess.com"]
[Source "ChessBase"]
[SourceQuality "1"]
[TimeControl "40/5400+30:1800+30"]

1. e4 e5 2. Nf3 Nc6 3. Bb5 a6 4. Ba4 Nf6 5. O-O b5 6. Bb3 Be7 7. Re1 O-O 8. a4 b4 9. a5 d6 10. h3 Rb8 11. c4 Nd7 12. Ba4 Bb7 13. d3 Nc5 14. Bxc6 Bxc6 15. Be3 Ne6 16. Nbd2 Bf6 17. Nf1 Bb7 18. Ng3 g6 19. Bh6 Bg7 20. Qd2 c5 21. Nh2 Qh4 22. Ng4 Bxh6 23. Qxh6 Qxh6 24. Nxh6+ Kg7 25. Ng4 Nd4 26. Ne3 f5 27. exf5 gxf5 28. Ne2 Nb3 29. Ra2 f4 30. Nd5 Bxd5 31. cxd5 Rfc8 32. Nc1 Nd4 33. Ne2 b3 34. Ra4 Nc2 35. Rc1 Nb4 36. d4 Nd3 37. Rc3 Nxb2 38. dxe5 Nxa4 0-1

[Event "23rd OIBM 2019"]
[Site "Gmund am Tegernsee"]
[Date "2019.10.29"]
[Round "4.16"]
[White "Del Rio De Angelis, Salvador G."]
[Black "Schaefer, Michael"]
[Result "1-0"]
[ECO "D56"]
[WhiteElo "2491"]
[BlackElo "2160"]
[Annotator "ChessBase"]
[PlyCount "214"]
[EventDate "2019.10.17"]
[EventType "swiss"]
[EventCountry "GER"]
[SourceTitle "playchess.com"]
[Source "ChessBase"]
[SourceQuality "1"]
[TimeControl "40/5400+30:1800+30"]

1. d4 d5 2. c4 e6 3. Nc3 Nf6 4. Bg5 Be7 5. e3 h6 6. Bh4 O-O 7. Nf3 Ne4 8. Bxe7 Qxe7 9. Rc1 c6 10. Bd3 Nxc3 11. Rxc3 Nd7 12. cxd5 exd5 13. O-O Re8 14. Qc2 Nf8 15. Ne5 Be6 16. Rb1 a5 17. Qb3 Reb8 18. Qc2 Nd7 19. Nf3 Bg4 20. Nd2 Nf8 21. a3 a4 22. b3 axb3 23. Rbxb3 Bh5 24. Qb2 Qd7 25. Rc1 Bg6 26. Nf3 Bxd3 27. Ne5 Qc7 28. Nxd3 Ne6 29. h3 Nd8 30. Nc5 b5 31. Nd3 Qd6 32. Nb4 Rb6 33. Rbc3 g6 34. R1c2 Ra4 35. Rc5 Kh7 36. Qc1 Qd7 37. R2c3 Qa7 38. Kh2 Kg7 39. Qb2 Qd7 40. Qc1 Qa7 41. g3 Kh7 42. h4 h5 43. Kg2 Kg7 44. Rb3 Qd7 45. Qc3 Kh7 46. Qc2 Kg7 47. Rcc3 Qa7 48. Qc1 Qd7 49. Rb2 Kh7 50. Rbc2 Qa7 51. Qb2 Qd7 52. Rc1 Kg8 53. Qc2 Qa7 54. Nxc6 Nxc6 55. Rxc6 Rc4 56. Rc8+ Kg7 57. Qb3 Qb7 58. Rc5 Qe7 59. Qd3 Ra6 60. Rb1 Rxc5 61. dxc5 Qxc5 62. Rxb5 Rxa3 63. Qxd5 Qxd5+ 64. Rxd5 Ra4 65. Kf3 Rb4 66. e4 Kf6 67. Kf4 Ra4 68. Rd6+ Kg7 69. f3 Rb4 70. Rd8 Ra4 71. Re8 Rb4 72. g4 hxg4 73. Kxg4 Ra4 74. h5 gxh5+ 75. Kxh5 Kf6 76. Kg4 Ra1 77. e5+ Kg6 78. Rg8+ Kh7 79. Rg5 Ra6 80. Kf5 Rb6 81. f4 Ra6 82. Rg1 Rb6 83. Rg4 Kh6 84. Rg2 Ra6 85. Rd2 Kg7 86. Rd6 Ra4 87. Kg5 Ra5 88. Rd7 Rb5 89. Kg4 Kf8 90. Kf5 Kg7 91. Ke4 Rb4+ 92. Rd4 Rb1 93. f5 Re1+ 94. Kd5 Rf1 95. f6+ Kg6 96. Kd6 Re1 97. Rd5 Ra1 98. Ke7 Ra7+ 99. Rd7 Ra5 100. e6 fxe6 101. f7 Rf5 102. f8=Q Rxf8 103. Kxf8 Kf5 104. Ke7 e5 105. Kd6 e4 106. Kd5 e3 107. Re7 Kf4 {[%emt 0:00:13] Ke4+} 1-0

[Event "23rd OIBM 2019"]
[Site "Gmund am Tegernsee"]
[Date "2019.10.29"]
[Round "4.19"]
[White "Parvanyan, Ashot"]
[Black "Fauth, Dietmar"]
[Result "1-0"]
[ECO "E06"]
[WhiteElo "2448"]
[BlackElo "2099"]
[Annotator "ChessBase"]
[PlyCount "53"]
[EventDate "2019.10.17"]
[EventType "swiss"]
[EventCountry "GER"]
[SourceTitle "playchess.com"]
[Source "ChessBase"]
[SourceQuality "1"]
[TimeControl "40/5400+30:1800+30"]

1. Nf3 d5 2. d4 Nf6 3. c4 e6 4. g3 Be7 5. Bg2 O-O 6. O-O dxc4 7. Qc2 a6 8. a4 Bd7 9. Qxc4 Bc6 10. Bg5 Nbd7 11. Nc3 h6 12. Bxf6 Nxf6 13. b4 Qd6 14. b5 axb5 15. axb5 Rxa1 16. Rxa1 Bxf3 17. Bxf3 b6 18. Ra7 Bd8 19. Na2 e5 20. dxe5 Qxe5 21. Nb4 Qd6 22. Nc6 Ne8 23. Bd5 Nf6 24. Bxf7+ Kh7 25. Qe6 Qc5 26. Ne5 g5 27. Qf5+ 1-0

[Event "23rd OIBM 2019"]
[Site "Gmund am Tegernsee"]
[Date "2019.10.29"]
[Round "4.20"]
[White "Kolb, Tobias"]
[Black "Bellia, Fabrizio"]
[Result "0-1"]
[ECO "C28"]
[WhiteElo "2073"]
[BlackElo "2433"]
[Annotator "ChessBase"]
[PlyCount "68"]
[EventDate "2019.10.17"]
[EventType "swiss"]
[EventCountry "GER"]
[SourceTitle "playchess.com"]
[Source "ChessBase"]
[SourceQuality "1"]
[TimeControl "40/5400+30:1800+30"]

1. e4 e5 2. Bc4 Nf6 3. Nc3 Nc6 4. d3 Na5 5. Qf3 Nxc4 6. dxc4 d6 7. h3 c6 8. Bg5 Be7 9. Nge2 Be6 10. b3 h6 11. Bxf6 Bxf6 12. O-O Qe7 13. Rad1 O-O 14. Rd3 Bg5 15. g4 h5 16. Qg2 hxg4 17. hxg4 g6 18. Rfd1 Kg7 19. Rh3 Rh8 20. Rdd3 Qd7 21. Rxh8 Rxh8 22. c5 Rh4 23. Rxd6 Qc7 24. Ng3 Rxg4 25. f3 Be3+ 26. Kf1 Rg5 27. Nce2 Qe7 28. Qh2 Bxc5 29. Rd1 Bb6 30. Kg2 Qc5 31. Kh1 Qxc2 32. Nf5+ Rxf5 33. Rc1 Qxc1+ 34. Nxc1 Rh5 0-1

[Event "23rd OIBM 2019"]
[Site "Gmund am Tegernsee"]
[Date "2019.10.29"]
[Round "4.27"]
[White "Kraich, Klaus"]
[Black "Hoffmann, Michael"]
[Result "0-1"]
[ECO "A01"]
[WhiteElo "2183"]
[BlackElo "2445"]
[Annotator "ChessBase"]
[PlyCount "42"]
[EventDate "2019.10.17"]
[EventType "swiss"]
[EventCountry "GER"]
[SourceTitle "playchess.com"]
[Source "ChessBase"]
[SourceQuality "1"]
[TimeControl "40/5400+30:1800+30"]

1. b3 e5 2. Bb2 d6 3. e3 Nf6 4. c4 g6 5. Na3 Bg7 6. Nf3 O-O 7. d4 exd4 8. Nxd4 Re8 9. Be2 Ne4 10. Qc1 Qf6 11. Bf3 c5 12. Nab5 cxd4 13. Nc7 Qd8 14. Nxe8 Qxe8 15. O-O dxe3 16. Bxg7 exf2+ 17. Rxf2 Nxf2 18. Qc3 Nd3 19. Kf1 Nc6 20. Rd1 Bf5 21. Bd5 Qe3 0-1

[Event "23rd OIBM 2019"]
[Site "Gmund am Tegernsee"]
[Date "2019.10.29"]
[Round "4.28"]
[White "Fleuren, Jan"]
[Black "Ries, Berthold"]
[Result "1/2-1/2"]
[ECO "B20"]
[WhiteElo "2097"]
[BlackElo "1854"]
[Annotator "NA"]
[PlyCount "57"]
[EventDate "2019.10.17"]
[EventType "swiss"]
[EventCountry "GER"]
[SourceTitle "playchess.com"]
[Source "ChessBase"]
[SourceQuality "1"]
[TimeControl "40/5400+30:1800+30"]

1. e4 c5 2. b3 d6 3. Bb2 Nf6 4. Bb5+ Nbd7 5. d3 a6 (5... g6 6. Bxd7+ Bxd7 7. Nc3 Bc6 8. Nd5 Bxd5 9. exd5 Qa5+ 10. Qd2 Qxd2+ 11. Kxd2 Bh6+ 12. Kd1 Bg7 {½-½ (23) Paichadze,L (2543)-Hovhannisyan,R (2592) Tbilisi 2014}) 6. Bxd7+ {[%emt 0:00:13] B20: Sicilian: Unusual White 2nd moves} Bxd7 7. f4 Bc6 8. Nd2 g6 9. Ngf3 Bg7 10. O-O O-O 11. Rb1 b5 $146 ({Predecessor:} 11... a5 12. Qe1 a4 13. Qh4 {0-1 (49) Aliyev,E (2157)-Benidze,D (2459) Kocaeli 2014}) 12. Qe2 e6 13. c4 Nh5 14. Bxg7 Nxg7 15. d4 cxd4 16. Nxd4 Qb6 17. Qf2 Bd7 18. N4f3 Qxf2+ 19. Kxf2 Rfd8 $11 20. Rbc1 Rac8 21. Rfe1 b4 22. a3 a5 23. axb4 axb4 24. Ra1 Ra8 25. e5 d5 26. Nd4 dxc4 27. Nxc4 Nf5 28. Nxf5 gxf5 29. g3 1/2-1/2

[Event "23rd OIBM 2019"]
[Site "Gmund am Tegernsee"]
[Date "2019.10.29"]
[Round "4.30"]
[White "Smith, Bryan"]
[Black "Huber, Benedikt"]
[Result "1-0"]
[ECO "B48"]
[WhiteElo "2430"]
[BlackElo "2167"]
[Annotator "ChessBase"]
[PlyCount "71"]
[EventDate "2019.10.17"]
[EventType "swiss"]
[EventCountry "GER"]
[SourceTitle "playchess.com"]
[Source "ChessBase"]
[SourceQuality "1"]
[TimeControl "40/5400+30:1800+30"]

1. e4 c5 2. Nf3 e6 3. d4 cxd4 4. Nxd4 Nc6 5. Nc3 Qc7 6. Be3 a6 7. Bd3 Nf6 8. O-O b5 9. Nxc6 dxc6 10. f4 Bb7 11. e5 Nd5 12. Nxd5 cxd5 13. Bd4 Bc5 14. c3 g6 15. Qd2 h5 16. a4 b4 17. Qe3 Bxd4 18. cxd4 Qa5 19. Rfc1 Rc8 20. Rxc8+ Bxc8 21. Rc1 Bd7 22. b3 O-O 23. Rc5 Qb6 24. a5 Qb7 25. Qe2 Ra8 26. Kf2 Qa7 27. Ke3 Rc8 28. Qc2 Qb7 29. Rxc8+ Bxc8 30. Qc5 Kg7 31. Qd6 Kg8 32. Kf3 Kg7 33. Kg3 Kh7 34. Qf8 Qc7 35. Kh4 f5 36. Qxb4 1-0

[Event "23rd OIBM 2019"]
[Site "Gmund am Tegernsee"]
[Date "2019.10.29"]
[Round "4.31"]
[White "Bopp, Thomas"]
[Black "Braeuer, Franz"]
[Result "1/2-1/2"]
[ECO "E20"]
[WhiteElo "2156"]
[BlackElo "2429"]
[Annotator "ChessBase"]
[PlyCount "40"]
[EventDate "2019.10.17"]
[EventType "swiss"]
[EventCountry "GER"]
[SourceTitle "playchess.com"]
[Source "ChessBase"]
[SourceQuality "1"]
[TimeControl "40/5400+30:1800+30"]

1. d4 Nf6 2. c4 e6 3. g3 Bb4+ 4. Nc3 O-O 5. Bg2 d5 6. Nf3 dxc4 7. O-O Nbd7 8. Qc2 a6 9. Rd1 Be7 10. Bf4 Nd5 11. Ne5 Nxf4 12. gxf4 Nb6 13. e3 f6 14. Be4 f5 15. Bg2 c6 16. Nb1 Bd7 17. Nd2 Be8 18. Ndxc4 Nd5 19. a3 Bh5 20. Rdc1 Rc8 1/2-1/2

[Event "23rd OIBM 2019"]
[Site "Gmund am Tegernsee"]
[Date "2019.10.29"]
[Round "4.32"]
[White "Andersen, Jens Knud"]
[Black "Gschnitzer, Adrian"]
[Result "0-1"]
[ECO "A45"]
[WhiteElo "2142"]
[BlackElo "2412"]
[Annotator "ChessBase"]
[PlyCount "91"]
[EventDate "2019.10.17"]
[EventType "swiss"]
[EventCountry "GER"]
[SourceTitle "playchess.com"]
[Source "ChessBase"]
[SourceQuality "1"]
[TimeControl "40/5400+30:1800+30"]

1. d4 Nf6 2. Bf4 c5 3. e3 cxd4 4. exd4 Qb6 5. Na3 a6 6. Nc4 Qd8 7. c3 b5 8. Ne3 e6 9. Bd3 Bb7 10. Nf3 Be7 11. h3 O-O 12. O-O Ne4 13. Qc2 f5 14. a4 b4 15. cxb4 Nc6 16. b5 Nb4 17. Qb3 Nxd3 18. Qxd3 g5 19. Be5 axb5 20. axb5 f4 21. Ng4 h5 22. Nd2 d5 23. f3 hxg4 24. fxe4 dxe4 25. Nxe4 Qd5 26. Rxa8 Bxa8 27. Re1 Rf5 28. Qf1 Bb4 29. Nc3 Bxc3 30. bxc3 gxh3 31. c4 Qb7 32. c5 hxg2 33. Qc4 Qf7 34. c6 f3 35. Kf2 Kh7 36. c7 Bb7 37. c8=Q Bxc8 38. Qxc8 g4 39. Qc7 Qxc7 40. Bxc7 Rxb5 41. Bg3 Rh5 42. Bf4 Rh1 43. Rg1 Kg6 44. Be3 Kf5 45. Kg3 Rh3+ 46. Kf2 {[%emt 0:00:14] Ke5} 0-1

[Event "23rd OIBM 2019"]
[Site "Gmund am Tegernsee"]
[Date "2019.10.29"]
[Round "4.33"]
[White "Piscopo, Pierluigi"]
[Black "Loew, Gerald"]
[Result "1/2-1/2"]
[ECO "B07"]
[WhiteElo "2398"]
[BlackElo "2162"]
[Annotator "ChessBase"]
[PlyCount "54"]
[EventDate "2019.10.17"]
[EventType "swiss"]
[EventCountry "GER"]
[SourceTitle "playchess.com"]
[Source "ChessBase"]
[SourceQuality "1"]
[TimeControl "40/5400+30:1800+30"]

1. e4 d6 2. d4 Nf6 3. Nc3 e5 4. Nge2 Nbd7 5. g3 c6 6. Bg2 b5 7. O-O Be7 8. d5 Bb7 9. dxc6 Bxc6 10. a4 bxa4 11. Be3 O-O 12. h3 Qb8 13. Qd3 Qb4 14. g4 Nc5 15. Qd2 Rab8 16. Ng3 g6 17. Rfb1 Rfc8 18. Qd1 Rc7 19. g5 Nfd7 20. Nd5 Bxd5 21. exd5 Rcb7 22. b3 axb3 23. cxb3 Qh4 24. Qg4 Qxg4 25. hxg4 Nxb3 26. Rxa7 Rxa7 27. Bxa7 Ra8 1/2-1/2

[Event "23rd OIBM 2019"]
[Site "Gmund am Tegernsee"]
[Date "2019.10.29"]
[Round "4.34"]
[White "Viebahn, Dirk"]
[Black "Padmini, Rout"]
[Result "0-1"]
[ECO "C65"]
[WhiteElo "2137"]
[BlackElo "2394"]
[Annotator "ChessBase"]
[PlyCount "77"]
[EventDate "2019.10.17"]
[EventType "swiss"]
[EventCountry "GER"]
[SourceTitle "playchess.com"]
[Source "ChessBase"]
[SourceQuality "1"]
[TimeControl "40/5400+30:1800+30"]

1. e4 e5 2. Nf3 Nc6 3. Bb5 Nf6 4. d3 Bc5 5. O-O Nd4 6. Nxd4 Bxd4 7. c3 Bb6 8. Be3 c6 9. Ba4 Bxe3 10. fxe3 Qb6 11. Qe2 d6 12. Na3 Be6 13. Bb3 Bxb3 14. axb3 d5 15. exd5 cxd5 16. d4 O-O 17. dxe5 Nd7 18. Qb5 Qe6 19. e4 dxe4 20. Nc4 b6 21. Rad1 Nc5 22. Rd6 Qg4 23. b4 Nd3 24. Qd7 Qe2 25. Qh3 Rae8 26. Rd7 Nc5 27. bxc5 Qxc4 28. cxb6 Qc5+ 29. Kh1 axb6 30. e6 fxe6 31. Re1 Qf2 32. Rg1 e3 33. Qg4 Rf7 34. Rxf7 Kxf7 35. Qh5+ Kf8 36. Qxh7 e2 37. Qh8+ Ke7 38. Qxg7+ Kd6 39. Qd4+ {[%emt 0:00:00] Ke5} 0-1

[Event "23rd OIBM 2019"]
[Site "Gmund am Tegernsee"]
[Date "2019.10.29"]
[Round "4.35"]
[White "Atakisi, Umut"]
[Black "Renner, Kai"]
[Result "1/2-1/2"]
[ECO "B43"]
[WhiteElo "2393"]
[BlackElo "2153"]
[Annotator "ChessBase"]
[PlyCount "107"]
[EventDate "2019.10.17"]
[EventType "swiss"]
[EventCountry "GER"]
[SourceTitle "playchess.com"]
[Source "ChessBase"]
[SourceQuality "1"]
[TimeControl "40/5400+30:1800+30"]

1. e4 c5 2. Nf3 e6 3. d4 cxd4 4. Nxd4 a6 5. Nc3 Qc7 6. g3 Nf6 7. Bg2 d6 8. O-O Be7 9. Re1 Nc6 10. Nxc6 bxc6 11. e5 dxe5 12. Rxe5 Bd6 13. Qf3 Bxe5 14. Qxc6+ Qxc6 15. Bxc6+ Bd7 16. Bxa8 O-O 17. Bb7 Bxc3 18. bxc3 Bb5 19. a4 Bc4 20. a5 Rb8 21. Bg2 Nd5 22. Bf1 Bxf1 23. Kxf1 Nxc3 24. Ra3 Nd5 25. Ke2 f6 26. c4 Nb4 27. Bd2 Kf7 28. Bxb4 Rxb4 29. Kd3 Ke7 30. Kc3 Rb1 31. Ra2 Kd6 32. Rd2+ Kc6 33. Rd8 Rc1+ 34. Kb3 Rb1+ 35. Kc2 Ra1 36. Rg8 Rxa5 37. Rxg7 Ra2+ 38. Kb3 Rxf2 39. Rxh7 e5 40. g4 Kc5 41. Rc7+ Kb6 42. Rh7 Kc5 43. Rc7+ Kb6 44. Rf7 Rxh2 45. Rxf6+ Kc5 46. Rxa6 Rh3+ 47. Kc2 Rg3 48. Ra5+ Kxc4 49. Kd2 e4 50. Ke2 Rxg4 51. Ke3 Rh4 52. Re5 Kb4 53. Rxe4+ Rxe4+ 54. Kxe4 1/2-1/2

[Event "23rd OIBM 2019"]
[Site "Gmund am Tegernsee"]
[Date "2019.10.29"]
[Round "4.38"]
[White "Moehn, Hans"]
[Black "Babar, Michael"]
[Result "1-0"]
[ECO "A01"]
[WhiteElo "2370"]
[BlackElo "2137"]
[Annotator "ChessBase"]
[PlyCount "73"]
[EventDate "2019.10.17"]
[EventType "swiss"]
[EventCountry "GER"]
[SourceTitle "playchess.com"]
[Source "ChessBase"]
[SourceQuality "1"]
[TimeControl "40/5400+30:1800+30"]

1. b3 c5 2. Bb2 Nc6 3. Nf3 d6 4. d4 cxd4 5. Nxd4 Bd7 6. c4 Nf6 7. Nc3 Qa5 8. e3 g6 9. Be2 Bg7 10. O-O O-O 11. Rc1 Rac8 12. a3 Nxd4 13. exd4 Bh6 14. Ra1 a6 15. Re1 e6 16. b4 Qd8 17. Qb3 Bd2 18. Red1 Bxc3 19. Bxc3 d5 20. c5 Bb5 21. Bf3 Bc4 22. Qc2 Ne8 23. Bd2 Qf6 24. Bh6 Ng7 25. Qd2 Qe7 26. Re1 Rfe8 27. Bg4 Rc6 28. Re3 f6 29. Rae1 Qf7 30. Rf3 Nf5 31. Bf4 Ng7 32. Bd6 h5 33. Bh3 g5 34. g4 h4 35. Be5 Nf5 36. gxf5 fxe5 37. Qxg5+ 1-0

[Event "23rd OIBM 2019"]
[Site "Gmund am Tegernsee"]
[Date "2019.10.29"]
[Round "4.39"]
[White "Fiedorek, Michal"]
[Black "Tillmann, Markus"]
[Result "0-1"]
[ECO "C88"]
[WhiteElo "2343"]
[BlackElo "2136"]
[Annotator "ChessBase"]
[PlyCount "84"]
[EventDate "2019.10.17"]
[EventType "swiss"]
[EventCountry "GER"]
[SourceTitle "playchess.com"]
[Source "ChessBase"]
[SourceQuality "1"]
[TimeControl "40/5400+30:1800+30"]

1. e4 e5 2. Nf3 Nc6 3. Bb5 a6 4. Ba4 Nf6 5. O-O Be7 6. Re1 b5 7. Bb3 d6 8. a4 Bg4 9. c3 Rb8 10. axb5 axb5 11. d4 Bxf3 12. gxf3 Qd7 13. Kg2 O-O 14. d5 Nd8 15. f4 Kh8 16. Qf3 b4 17. cxb4 Rxb4 18. Bd2 Rb8 19. Ba4 Qc8 20. Bc3 exf4 21. Qxf4 Ng4 22. h3 Ne5 23. Bc2 Bf6 24. Qg3 Rg8 25. Nd2 Qd7 26. Nf3 Nc4 27. Nd4 c5 28. dxc6 Nxc6 29. Ba4 Bxd4 30. Bxd4 Qb7 31. Bc3 N4e5 32. Rad1 f5 33. Rxd6 Ra8 34. Bc2 f4 35. Qxf4 Rgf8 36. Qc1 Nf3 37. Re3 Qc7 38. Qd1 Nce5 39. Re2 Qe7 40. Bxe5 Qxe5 41. Re3 Qh2+ 42. Kf1 Nd4 0-1

[Event "23rd OIBM 2019"]
[Site "Gmund am Tegernsee"]
[Date "2019.10.29"]
[Round "4.40"]
[White "Singer, Christoph"]
[Black "Smits, Mark"]
[Result "1/2-1/2"]
[ECO "C50"]
[WhiteElo "2339"]
[BlackElo "2132"]
[Annotator "ChessBase"]
[PlyCount "52"]
[EventDate "2019.10.17"]
[EventType "swiss"]
[EventCountry "GER"]
[SourceTitle "playchess.com"]
[Source "ChessBase"]
[SourceQuality "1"]
[TimeControl "40/5400+30:1800+30"]

1. e4 e5 2. Nf3 Nc6 3. Bc4 g6 4. d4 exd4 5. Nxd4 Bg7 6. Nxc6 bxc6 7. O-O Ne7 8. Nc3 d6 9. Be3 O-O 10. Bd4 Be6 11. Bxg7 Kxg7 12. Bb3 Qd7 13. Qd4+ f6 14. Rad1 Bxb3 15. axb3 Qe6 16. Rfe1 a5 17. f4 c5 18. Qd2 Nc6 19. Nd5 Qf7 20. Ra1 Nd4 21. Ra3 f5 22. Ra4 fxe4 23. Rxd4 cxd4 24. Qxd4+ Kg8 25. Rxe4 c5 26. Qc4 Ra7 1/2-1/2

[Event "23rd OIBM 2019"]
[Site "Gmund am Tegernsee"]
[Date "2019.10.29"]
[Round "4.44"]
[White "Karpa, Adrian"]
[Black "Markmann, Ulrich"]
[Result "1/2-1/2"]
[ECO "B40"]
[WhiteElo "2087"]
[BlackElo "2279"]
[Annotator "ChessBase"]
[PlyCount "65"]
[EventDate "2019.10.17"]
[EventType "swiss"]
[EventCountry "GER"]
[SourceTitle "playchess.com"]
[Source "ChessBase"]
[SourceQuality "1"]
[TimeControl "40/5400+30:1800+30"]

1. e4 c5 2. Nf3 e6 3. d3 d5 4. Nbd2 Nc6 5. g3 Bd6 6. Bg2 Nge7 7. O-O Qc7 8. Re1 O-O 9. c3 dxe4 10. dxe4 Rd8 11. Qe2 e5 12. Nc4 f6 13. Be3 b6 14. Rad1 Be6 15. Nh4 Na5 16. Na3 a6 17. Bc1 c4 18. Nc2 Bc5 19. Nf5 Rxd1 20. Rxd1 Rd8 21. Nfe3 Rxd1+ 22. Qxd1 Qd7 23. Qxd7 Bxd7 24. Nb4 Bc8 25. Nbd5 Nxd5 26. Nxd5 Kf8 27. Bf3 b5 28. Bd1 Nb7 29. Kf1 Nd6 30. f3 Bb7 31. Be3 Bxe3 32. Nxe3 Ke7 33. a4 1/2-1/2